 Dungeon Crawl Stone Soup version 0.29-a0-925-g0a7a3d12f8 (webtiles) character file.

Game seed: 7411287521258544554

15001 Malachi the Cruncher (level 11, -4/101 HPs)
             Began as a Palentonga Abyssal Knight on July 29, 2022.
             Was a High Priest of Lugonu.
             Slain by Sonja
             ... wielding a +2 dagger of distortion
              (17 damage)
             ... on level 1 of the Lair of Beasts.
             The game lasted 00:19:38 (14348 turns).

Malachi the Cruncher (Palentonga Abyssal Knight)   Turns: 14348, Time: 00:19:39

Health: -4/101     AC: 19    Str: 21    XL:     11   Next: 96%
Magic:  14/15      EV:  4    Int: 13    God:    Lugonu [*****.]
Gold:   802        SH:  0    Dex: 10    Spells: 10/10 levels left

rFire   + . .      SeeInvis +   e - +8 lajatang "Mecesuc" {speed, Int+2}
rCold   . . .      Faith    .   (shield currently unavailable)
rNeg    . . .      Spirit   .   v - +0 plate armour
rPois   +          Reflect  .   p - +0 helmet
rElec   .          Harm     .   l - +0 cloak
rCorr   .          Rampage  .   z - +0 pair of gloves
Will    .....                   (no barding)
Stlth   ..........              (no amulet)
HPRegen 0.26/turn               a - ring of protection from fire
MPRegen 0.14/turn               q - ring of poison resistance

@: slowed, curled up, very slow
A: large, rugged brown scales 3, see invisible, deformed body, roll 1, armoured
tail, reflexive curl, wild magic 1, noise suppression
a: Rolling Charge, Renounce Religion, Depart the Abyss, Bend Space, Banish,
Corrupt, Enter the Abyss


You were on level 1 of the Lair of Beasts.
You worshipped Lugonu.
Lugonu was extremely pleased with you.
You visited 2 branches of the dungeon, and saw 12 of its levels.
You visited the Abyss 2 times.

You collected 802 gold pieces.

Inventory:

Hand Weapons
 e - the +8 lajatang "Mecesuc" (weapon) {speed, Int+2}
   (You acquired it on level 3 of the Dungeon)

   Attacks with this weapon are significantly faster.
   Int:       It affects your intelligence (+2).
Missiles
 u - a throwing net
Armour
 l - a +0 cloak (worn)
 p - a +0 helmet (worn)
 v - a +0 plate armour (worn)
 z - a +0 pair of gloves (worn)
Jewellery
 a - a ring of protection from fire (left hand)
 f - a +6 ring of intelligence
 q - a ring of poison resistance (right hand)
 E - a ring of flight
Wands
 r - a wand of quicksilver (6)
 s - a wand of charming (24)
 t - a wand of polymorph (7)
 C - a wand of iceblast (1)
Scrolls
 d - a scroll of enchant weapon
 h - 4 scrolls of immolation
 i - 4 scrolls of fog
 j - a scroll of poison
 n - 8 scrolls of teleportation
 w - a scroll of amnesia
 x - a scroll of brand weapon
 y - 2 scrolls of fear
 A - a scroll of magic mapping
 B - 2 scrolls of vulnerability
 D - a scroll of enchant armour {unknown}
 F - a scroll of blinking
 H - a scroll of identify
Potions
 c - 4 potions of curing
 g - 4 potions of haste
 k - 2 potions of attraction
 m - 3 potions of might
 o - a potion of heal wounds
Miscellaneous
 G - a condenser vane


   Skills:
 - Level 12.0 Fighting
 - Level 3.1 Axes
 - Level 14.0 Staves
 - Level 2.6 Armour
 - Level 2.1 Dodging
 + Level 6.4 Invocations


You had 10 spell levels left.
You didn't know any spells.
Your spell library contained the following spells:

 Spells                   Type           Power      Damage    Failure   Level
 Confusing Touch          Hex            0%         N/A       100%        3
 Conjure Flame            Conj/Fire      0%         6-21      100%        3
 Ignite Poison            Fire/Tmut/Pois 0%         N/A       100%        3
 Animate Dead             Necr           0%         N/A       100%        4
 Sticky Flame             Conj/Fire      0%         2d3       100%        4
 Yara's Violent Unravell  Hex/Tmut       0%         3d3       100%        5
 Enfeeble                 Hex            0%         N/A       100%        7
 Haunt                    Necr/Summ      0%         N/A       100%        7
 Infestation              Necr           0%         N/A       100%        8


Dungeon Overview and Level Annotations

Branches:
Dungeon (11/15)            Temple (0/1) D:7            Lair (1/5) D:11
    Orc (0/2) D:9

Altars:
Ashenzari
Fedhas
Makhleb
Sif Muna
Uskayaw
Vehumet
Xom

Shops:
D:1 *

Annotations:
Lair:1 Sonja


Innate Abilities, Weirdness & Mutations

You are completely covered in rugged brown scales. (AC +3, +7% HP)
You have supernaturally acute eyesight. (SInv)
Armour fits poorly on your strangely shaped body.
You can roll at nearby foes to attack.
You have a long armoured tail.
You curl defensively after being hit. (AC +7*)
Your spells are a little harder to cast, but a little more powerful.
You passively dampen the noise of your surroundings.


Message History

You roll forward with a clatter of scales!
You closely miss Sonja.
Sonja hits you with a +2 dagger of distortion!
Sonja hits you but does no damage. x2
You are cast into the Abyss!
To return, you must find a gate leading back.
Killing monsters will force the Abyss to allow you passage.
This branch contains the abyssal rune of Zot.
Found a corrupted altar of Lugonu.
Unknown command.
You start resting.
An eidolon assembles itself!
You pass through the gate.
Welcome back to the Lair of Beasts!
Level annotation: Sonja Sonja throws a curare-tipped dart.
The curare-tipped dart hits you.
Sonja throws a curare-tipped dart.
The curare-tipped dart hits you.
You are poisoned.
You have difficulty breathing.
* * * LOW HITPOINT WARNING * * *
You feel yourself slow down.
You feel better.
Sonja zaps a wand.
The mass of ice explodes!
The iceblast engulfs you!
* * * LOW HITPOINT WARNING * * *
Sonja zaps a wand.
The mass of ice explodes!
The iceblast engulfs you.
* * * LOW HITPOINT WARNING * * *
Roll where?
Press: ? - help, Q - select action, (/) - cycle Dir - move target, f - Sonja
Aim: Sonja, wielding a +2 dagger of distortion, quivering curare-tipped darts and carrying a wand of iceblast (4)
You roll forward with a clatter of scales!
You closely miss Sonja. Sonja hits you but does no damage.
Sonja hits you with a +2 dagger of distortion.
* * * LOW HITPOINT WARNING * * *
Space warps around you.
* * * LOW HITPOINT WARNING * * *
Sonja hits you but does no damage. Space warps around you.
* * * LOW HITPOINT WARNING * * *
Sonja hits you but does no damage. Space warps horribly around you!
You die...

# ##......# #### #
#.#.....###P#.#. ####
................ ....
................. ......
..................
......
..................
......
.........K........
......
.........@........ ....
.......$.○........ ....
.......?.○........ #.##
.................. ###.
##............### ##...
###.....####.# #####....
#.....########)P.....#
###.....##..P.......####
..................#.##


You could see Sonja.

Vanquished Creatures
  Gastronok (Lair:1)
  2 hydras (Lair:1)
  A two-headed ogre (D:10)
  A deep troll (D:10)
  An ugly thing (D:11)
  2 oklob plants (D:11)
  Maurice (D:9)
  3 cane toads
  An unseen horror (D:11)
  A rime drake (Lair:1)
  2 kobold demonologists (D:9)
  3 trolls
  A shadow (D:11)
  20 yaks
  Sigmund (D:2)
  A steam dragon (D:10)
  3 wyverns
  2 wraiths
  2 water moccasins
  4 orc warriors
  A black bear (D:5)
  2 ogres
  5 centaurs
  4 kobold brigands
  4 bullfrogs
  A necrophage (D:7)
  2 gnoll sergeants
  3 scorpions
  4 wights (D:9)
  3 hounds
  2 gnoll boudas (D:7)
  6 orc priests
  4 jellies
  5 iguanas
  12 orc wizards
  23 gnolls
  3 adders
  A shadow imp (D:7)
  2 white imps
  2 worms
  4 dart slugs
  36 orcs
  3 ball pythons
  4 endoplasms
  8 giant cockroaches
  4 goblins
  5 hobgoblins
  5 jackals
  23 kobolds
  3 quokkas
  4 bats
  A frilled lizard (D:2)
  5 rats
  A plant (D:11)
248 creatures vanquished.

Vanquished Creatures (others)
  A ghoul (D:1)
  2 draconians (D:1)
  A gargoyle (D:1)
  An elf (D:1)
  A vine stalker (D:1)
  A vampire (D:1)
  A human (D:1)
  A dwarf (D:1)
  A felid (D:1)
  A mummy (D:1)
  A kobold (D:1)
  A fungus (Lair:1)
  A plant (D:2)
  8 tentacles (D:1)
22 creatures vanquished.

Grand Total: 270 creatures vanquished

Notes
Turn   | Place    | Note
-------+----------+-------------------------------------------
     0 | Abyss:1  | Malachi the Palentonga Abyssal Knight began the quest for
                  | the Orb.
     0 | Abyss:1  | Reached XP level 1. HP: 19/19 MP: 2/2
     1 | D:1      | Escaped the Abyss
     1 | D:1      | Noticed a felid
     1 | D:1      | Noticed a gargoyle
     1 | D:1      | Noticed an elf
     1 | D:1      | Noticed a human
     1 | D:1      | Noticed a kraken
     1 | D:1      | Noticed a ghoul
     1 | D:1      | Noticed a dwarf
     1 | D:1      | Noticed a draconian
     1 | D:1      | Noticed a draconian
     1 | D:1      | Noticed a vine stalker
     1 | D:1      | Noticed a vampire
     7 | D:1      | Killed a gargoyle
     7 | D:1      | Killed a vampire
     7 | D:1      | Killed a felid
     9 | D:1      | Killed a vine stalker
    10 | D:1      | Killed a ghoul
    10 | D:1      | Killed a human
    11 | D:1      | Killed an elf
    15 | D:1      | Killed a draconian
    17 | D:1      | Killed a dwarf
    18 | D:1      | Killed a draconian
    31 | D:1      | Reached skill level 1 in Dodging
    31 | D:1      | Reached XP level 2. HP: 7/25 MP: 3/3
   374 | D:1      | Found Gulebeti's General Store.
   895 | D:2      | Reached XP level 3. HP: 27/31 MP: 4/4
  1284 | D:2      | Reached *** piety under Lugonu
  1649 | D:2      | Noticed Sigmund
  1659 | D:2      | Killed Sigmund
  1660 | D:2      | Reached XP level 4. HP: 39/39 MP: 4/6
  1660 | D:2      | Reached XP level 5. HP: 44/44 MP: 4/7
  2975 | D:3      | Identified a scroll of acquirement
  2977 | D:3      | Acquired the +8 lajatang "Mecesuc" {speed, Int+2}
  3028 | D:4      | Reached skill level 1 in Staves
  3084 | D:4      | Reached XP level 6. HP: 37/51 MP: 8/8
  3270 | D:4      | Gained mutation: Your spells are a little harder to cast,
                  | but a little more powerful. [potion of mutation]
  3270 | D:4      | Gained mutation: You passively dampen the noise of your
                  | surroundings. [potion of mutation]
  3373 | D:4      | Reached skill level 2 in Staves
  3578 | D:4      | Reached skill level 3 in Staves
  3897 | D:4      | Found a hide-covered altar of Uskayaw.
  3900 | D:4      | Found a broken altar of Ashenzari.
  4315 | D:5      | Entered Level 5 of the Dungeon
  4318 | D:5      | Reached skill level 4 in Staves
  4440 | D:5      | Noticed a water moccasin
  4446 | D:5      | Killed a water moccasin
  4447 | D:5      | Gained mutation: You curl defensively after being hit. (AC
                  | +7*) [Palentonga growth]
  4447 | D:5      | Reached XP level 7. HP: 50/56 MP: 9/9
  4448 | D:5      | Reached skill level 5 in Staves
  4508 | D:5      | Reached skill level 6 in Staves
  4547 | D:5      | Reached **** piety under Lugonu
  4632 | D:4      | Reached skill level 7 in Staves
  5008 | D:5      | Reached XP level 8. HP: 64/64 MP: 10/10
  5241 | D:5      | Found a blossoming altar of Fedhas.
  5301 | D:5      | Found a radiant altar of Vehumet.
  5591 | D:6      | Reached skill level 8 in Staves
  5779 | D:6      | Reached skill level 9 in Staves
  6590 | D:6      | Reached skill level 10 in Staves
  6590 | D:6      | Reached XP level 9. HP: 52/69 MP: 11/11
  6967 | D:7      | Reached skill level 11 in Staves
  7598 | D:7      | Reached skill level 12 in Staves
  7662 | D:7      | Found a staircase to the Ecumenical Temple.
  7672 | D:7      | Identified the +1 leather armour "Cibeut" {rN++ Str-3
                  | Int+6}
  7850 | D:8      | Reached ***** piety under Lugonu
  7934 | D:8      | Reached skill level 13 in Staves
  8059 | D:8      | Reached XP level 10. HP: 71/75 MP: 12/12
  8785 | D:8      | Found a shimmering altar of Xom.
  9096 | D:9      | Found a shimmering blue altar of Sif Muna.
  9125 | D:9      | Reached skill level 14 in Staves
  9334 | D:9      | Noticed Maurice
  9340 | D:9      | Killed Maurice
  9341 | D:9      | Reached skill level 5 in Fighting
  9538 | D:9      | Found a staircase to the Orcish Mines.
  9849 | D:9      | Found a burning altar of Makhleb.
  9959 | D:10     | Entered Level 10 of the Dungeon
 10367 | D:10     | Noticed a two-headed ogre
 10370 | D:10     | Killed a two-headed ogre
 10526 | D:10     | Reached XP level 11. HP: 87/93 MP: 13/13
 10921 | D:10     | Noticed a deep troll
 10924 | D:10     | Killed a deep troll
 11128 | D:11     | Found a staircase to the Lair.
 11132 | D:11     | Noticed an oklob plant
 11133 | D:11     | Noticed an oklob plant
 11140 | D:11     | Killed an oklob plant
 11511 | D:11     | Killed an oklob plant
 11720 | D:11     | Reached skill level 10 in Fighting
 12078 | D:11     | Noticed a white ugly thing
 12089 | D:11     | Killed a white ugly thing
 12599 | Lair:1   | Entered Level 1 of the Lair of Beasts
 12613 | Lair:1   | Noticed Gastronok
 13145 | Lair:1   | Killed Gastronok
 13350 | Lair:1   | Noticed a four-headed hydra
 13359 | Lair:1   | Killed a ten-headed hydra
 13360 | Lair:1   | Reached skill level 5 in Invocations
 13647 | Lair:1   | Found the +6 shillelagh "Devastator" {shatter}
 13814 | Lair:1   | Noticed a seven-headed hydra
 13824 | Lair:1   | Killed a 12-headed hydra
 14329 | Lair:1   | Noticed Sonja
 14332 | Abyss:2  | Found a corrupted altar of Lugonu.
 14332 | Abyss:2  | Cast into level 2 of the Abyss (Sonja)
 14338 | Abyss:2  | Noticed an eidolon
 14344 | Lair:1   | Escaped the Abyss
 14348 | Lair:1   | Slain by Sonja

Illustrated notes

Levels and vault maps discovered:
D:1:      nicolae_arrival_kraken_aquarium_a, layout_rooms, serial_shops, shop,
          minivault_24
D:2:      layout_basic, serial_bayou_pond_d, uniq_sigmund
D:3:      layout_basic, nicolae_hexahallways, roderic_lattice_a
D:4:      layout_gridville, nicolae_overflow_squiral, st_stairs_8
D:5:      layout_cave_pools, mainiacjoe_overflow_tiny_flanked,
          fiery_altar_vehumet, chequers_ossuary_entry_cave
D:6:      layout_basic, grunt_decor_cap
D:7:      layout_rooms, minmay_temple_entry_statues_fountains
D:8:      layout_cave_pools, mainiacjoe_overflow_small_starburst
D:9:      layout_basic, bloody_makhleb, tgw_sif, orc_0_dummy, minivault_25,
          uniq_maurice
D:10:     dreamdust_cave_troll, layout_irregular_city
D:11:     layout_basic, dpeg_oklobed_lair, lemuel_flamethrower_1
Lair:1:   layout_hall_layers, grunt_megastairs_2, uniq_gastronok, uniq_joseph,
          uniq_sonja, uniq_fannar

Skill      XL: |  1  2  3  4  5  6  7  8  9 10 11 |
---------------+----------------------------------+-----
Dodging        | 1 2 |  2.1
Armour         | 2 |  2.6
Axes           | 3 |  3.1
Invocations    | 3 6 |  6.4
Staves         | 1 4 7 10 13 14 | 14.0
Fighting       | 8 12 | 12.0

Action                   |  1- 3 |  4- 6 |  7- 9 | 10-12 || total
-------------------------+-------+-------+-------+-------++-------
Melee: Hand axe          |    79 |    49 |       |       ||   128
       Tailslap          |     7 |     7 |    22 |    36 ||    72
       Lajatang          |       |    52 |   220 |   243 ||   515
Invok: Depart the Abyss  |       |       |       |     1 ||     1
 Abil: Rolling Charge    |       |     9 |    25 |    30 ||    64
Evoke: Wand              |       |       |       |     3 ||     3
  Use: Potion            |     2 |     1 |     2 |     5 ||    10
       Scroll            |       |     9 |     3 |     8 ||    20
Armor: Leather armour    |    41 |    22 |       |       ||    63
       Ring mail         |       |     3 |    14 |       ||    17
       Plate armour      |       |       |    79 |   101 ||   180
Dodge: Dodged            |    37 |    43 |    52 |    32 ||   164

Table legend: (Time is in decaauts)
 A = Elapsed time spent in this place.
 B = Non-inter-level travel time spent in this place.
 C = Inter-level travel time spent in this place.
 D = Time resting spent in this place.
 E = Time spent auto-exploring this place.
 F = Levels seen in this place.
 G = Mean time per level.
                   A        B        C        D        E       F      G
               +--------+--------+--------+--------+--------+-----+--------+
         Total |  14236 |  13472 |    764 |   3573 |   8450 |  14 | 1016.9 |
       Dungeon |  12974 |  12210 |    764 |   2938 |   7923 |  11 | 1179.5 |
          Lair |   1249 |   1249 |      0 |    628 |    527 |   1 | 1249.0 |
         Abyss |     12 |     12 |      0 |      6 |      0 |   2 |    6.0 |
               +--------+--------+--------+--------+--------+-----+--------+

Top non-repeatable levels by time:
    D:11: 1671 daAuts
     D:4: 1599 daAuts
    D:10: 1415 daAuts
     D:3: 1285 daAuts
  Lair:1: 1249 daAuts
     D:6: 1175 daAuts
     D:9: 1059 daAuts
     D:8: 1050 daAuts
     D:7: 1003 daAuts
     D:2: 933 daAuts
     D:5: 892 daAuts
     D:1: 887 daAuts
 Abyss:2: 11 daAuts
 Abyss:1: 1 daAuts
